AoeStats
← B4DILCAN

Oasis

509150053Analyzed
3v3 RM · 5d ago on Sep 25, 2026· 53m 50s· 6 players
Game mode
Random Map
Map size
Normal (6 player)
Population
200
Speed
Normal
Resources
Standard
Victory
Conquest
Starting age
Dark Age
Ending age
Imperial Age
RankedLock teamsTeams togetherTeam positionsShared explorationLock speedFull tech treeHidden civsTurbo modeCheats
Victory
Defeat
🇹🇷 Tatars · Türkiye
1211
+15
🇹🇷 Varangians · Türkiye
1208
+16
🇹🇷 Jurchens · Türkiye
1174
+17
🇵🇱 Franks · Poland
1239
-18
🇵🇱 Ethiopians · Poland
1196
-16
🇬🇧 Saxons · United Kingdom
1159
-14
B4DILCAN
6:10 Loom
9:28 Feudal Age
9:32 Man-at-Arms
12:33 Double-Bit Axe
12:53 Arson
16:40 Scale Mail Armor
22:15 Castle Age
20:40 Horse Collar
23:14 Bow Saw
25:31 Wheelbarrow
24:59 Heavy Plow
25:09 Town Watch
28:53 Hand Cart
28:52 Gold Mining
28:54 Stone Mining
33:33 Imperial Age
31:06 Gambesons
31:29 Squires
32:36 Forging
33:11 Chain Mail Armor
33:58 Elite Varangian Guard
35:17 Iron Casting
35:10 Conscription
34:56 Gothikon
36:27 Plate Mail Armor
36:27 Fervor
37:50 Blast Furnace
36:15 Pikeman
38:56 Elite Skirmisher
42:37 Ballistics
43:17 Chemistry
45:00 Scale Barding Armor
44:50 Elite Jarl
46:01 Chain Barding Armor
46:27 Caravan
46:23 Cranequins
47:06 Husbandry
47:16 Bloodlines
47:39 Heavy Mounted Crossbowman
48:59 Plate Barding Armor
49:19 Fletching
49:30 Padded Archer Armor
51:27 Leather Archer Armor
51:07 Bodkin Arrow
52:44 Bracer
53:14 Ring Archer Armor
yhyalpakcy
7:17 Loom
9:31 Feudal Age
10:34 Double-Bit Axe
14:14 Bloodlines
17:49 Scale Barding Armor
18:55 Wheelbarrow
22:40 Castle Age
21:48 Gold Mining
21:53 Horse Collar
24:09 Chain Barding Armor
26:13 Husbandry
26:56 Forging
30:57 Gold Shaft Mining
32:46 Hand Cart
38:23 Silk Armor
41:15 Imperial Age
40:06 Fletching
40:56 Iron Casting
41:08 Bow Saw
43:51 Plate Barding Armor
44:09 Conscription
44:03 Elite Steppe Lancer
48:02 Blast Furnace
bjkorhanertugrul
5:09 Loom
13:10 Feudal Age
13:41 Man-at-Arms
17:12 Wheelbarrow
17:32 Stone Mining
24:02 Castle Age
23:29 Forging
23:24 Scale Barding Armor
26:40 Chain Barding Armor
26:56 Iron Casting
26:33 Double-Bit Axe
26:31 Horse Collar
27:37 Bow Saw
27:38 Heavy Plow
28:30 Fletching
30:05 Gold Mining
31:34 Gold Shaft Mining
31:56 Hand Cart
48:04 Imperial Age
49:15 Conscription
48:19 Elite Iron Pagoda
51:26 Blast Furnace
51:02 Plate Barding Armor
50:37 Heavy Rocket Cart
Dharos
11:33 Feudal Age
10:21 Loom
16:36 Double-Bit Axe
25:48 Castle Age
25:40 Wheelbarrow
26:10 Crossbowman
27:30 Man-at-Arms
28:12 Squires
27:59 Arson
28:31 Bow Saw
28:08 Horse Collar
28:48 Long Swordsman
29:50 Fletching
31:48 Hand Cart
31:49 Heavy Plow
31:53 Gold Mining
34:20 Gold Shaft Mining
34:05 Town Watch
34:21 Bodkin Arrow
36:38 Forging
36:38 Thumb Ring
36:56 Ballistics
36:47 Fortified Wall
36:33 Murder Holes
40:27 Imperial Age
38:07 Gambesons
37:43 Pikeman
39:25 Iron Casting
40:51 Two-Handed Swordsman
41:57 Scale Mail Armor
42:29 Conscription
41:46 Champion
44:26 Chain Mail Armor
Duchu
11:06 Feudal Age
11:23 Feudal Age
15:45 Castle Age
23:44 Double-Bit Axe
24:21 Gold Mining
26:43 Stone Mining
28:48 Pikeman
32:05 Imperial Age
29:47 Scale Barding Armor
29:53 Forging
30:41 Wheelbarrow
29:52 Town Watch
31:12 Chain Barding Armor
30:59 Squires
32:09 Iron Casting
31:37 Husbandry
32:52 Scale Mail Armor
32:41 Cavalier
33:10 Capped Ram
34:24 Hand Cart
33:33 Halberdier
35:34 Chain Mail Armor
36:20 Blast Furnace
37:02 Plate Mail Armor
37:12 Gold Shaft Mining
38:42 Paladin
46:02 Plate Barding Armor
46:24 Heavy Scorpion
50:12 Chemistry
wiesiek
7:20 Loom
9:35 Feudal Age
13:21 Double-Bit Axe
17:22 Padded Archer Armor
18:21 Fletching
24:54 Castle Age
24:14 Horse Collar
26:48 Bow Saw
26:18 Crossbowman
27:03 Thumb Ring
29:10 Leather Archer Armor
28:50 Bodkin Arrow
32:23 Gold Mining
36:15 Wheelbarrow
35:25 Town Watch
39:46 Stone Mining
40:32 Gold Shaft Mining
41:36 Gold Shaft Mining
43:32 Hand Cart
47:27 Imperial Age
45:14 Hand Cart
46:14 Royal Heirs
46:52 Husbandry
48:06 Scale Barding Armor
48:12 Forging
48:53 Heavy Camel Rider
49:41 Heavy Plow
51:45 Chain Barding Armor
Connection lost

Rejoining the realm…

Still unreachable

The connection could not be restored.

Session expired

The server has moved on; the page needs a fresh start.